 Dungeon Crawl Stone Soup version 0.22.0-6-g71bd7aa (webtiles) character file.

343 mopl the Digger (level 6, 0/32 HPs)
             Began as a Deep Elf Earth Elementalist on Aug 14, 2018.
             Was a Follower of Sif Muna.
             Slain by a bullfrog skeleton (6 damage)
             ... on level 4 of the Dungeon.
             The game lasted 00:05:37 (2461 turns).

mopl the Digger (Deep Elf Earth Elementalist)       Turns: 2461, Time: 00:05:38

Health: 0/32       AC:  3    Str:  5    XL:     6   Next: 31%
Magic:  8/15       EV: 13    Int: 22    God:    Sif Muna [*.....]
Gold:   169        SH:  0    Dex: 15    Spells: 4/15 levels left

rFire    . . .     SeeInvis .   a - +1 dagger (protect)
rCold    . . .     Gourm    .   (no shield)
rNeg     . . .     Faith    .   c - +0 robe
rPois    .         Spirit   .   (no helmet)
rElec    .         Reflect  .   (no cloak)
rCorr    .         Harm     .   (no gloves)
MR       .....                  e - +0 pair of boots
Stlth    +.........             (no amulet)
HPRegen  0.10/turn              q - ring of attention (curse)
MPRegen  0.14/turn              (no ring)

@: no status effects
A: no striking features
a: Divine Energy, Renounce Religion


You were on level 4 of the Dungeon.
You worshipped Sif Muna.
Sif Muna was aware of your devotion.
You were very hungry.

You visited 1 branch of the dungeon, and saw 4 of its levels.

You collected 169 gold pieces.

Inventory:

Hand Weapons
 a - a +1 dagger of protection (weapon)
Missiles
 b - 23 stones (quivered)
 p - 7 silver javelins
Armour
 c - a +0 robe (worn)
 e - a +0 pair of boots (worn)
Jewellery
 q - a cursed ring of attention (left hand)
Scrolls
 f - 2 scrolls of enchant armour {unknown}
 h - a scroll of magic mapping {unknown}
 i - 2 scrolls of remove curse {unknown}
 j - a scroll of noise {unknown}
 k - a scroll of teleportation {unknown}
 m - 2 scrolls of amnesia {unknown}
 n - 2 scrolls of identify {unknown}
 r - a scroll of fear {unknown}
Potions
 g - a potion of mutation {unknown}
 l - 2 potions of brilliance {unknown}
 s - a potion of curing {unknown}
Comestibles
 d - 6 rations
 o - 2 chunks of flesh


   Skills:
 - Level 2.4 Dodging
 - Level 2.4 Stealth
 + Level 5.0 Spellcasting
 * Level 3.6 Conjurations
 - Level 1.1 Transmutations
 * Level 5.8 Earth Magic


You had 4 spell levels left.
You knew the following spells:

 Your Spells              Type           Power        Failure   Level  Hunger
a - Sandblast             Erth           ####..       1%          1    None
b - Stone Arrow           Conj/Erth      ####..       4%          3    ##.....
k - Lee's Rapid Deconstr  Erth           ####......   26%         5    #####..
p - Passwall              Tmut/Erth      ###.....     3%          2    None

Your spell library contained the following spells:

 Spells                   Type           Power        Failure   Level  Hunger
 Petrify                  Tmut/Erth      ###.....     24%         4    ####...


Dungeon Overview and Level Annotations

Branches:
Dungeon (4/15)
 Temple: D:4-7

Altars:
Fedhas
Sif Muna
Yredelemnul
Zin

Annotations:
D:3 2 transporters


Message History

Confirm with . or Enter, or press ? or * to list all spells.
Aiming: Sandblast (safe; 1% risk of failure)
Press: ? - help, Shift-Dir - straight line, f/p - bullfrog skeleton
Aim: a bullfrog skeleton The blast of sand hits the bullfrog skeleton.
The bullfrog skeleton is severely damaged.
b - 24 stones The bullfrog skeleton closely misses you.
Unknown command.
Casting: Sandblast (safe; 1% risk of failure)
Confirm with . or Enter, or press ? or * to list all spells.
Aiming: Sandblast (safe; 1% risk of failure)
Press: ? - help, Shift-Dir - straight line, f/p - bullfrog skeleton
Aim: a bullfrog skeleton (severely damaged)
The blast of sand hits the bullfrog skeleton.
The bullfrog skeleton is almost destroyed.
b - 23 stones The bullfrog skeleton closely misses you.
The bullfrog skeleton hits you.
You die...

..###########
#......@Z)..#####...
###########.%.....#
#.........
#..........
#..........
#.......$..
#..........
#..........
#..........


You could see a bullfrog skeleton.

Vanquished Creatures
  A scorpion (D:4)
  A gnoll shaman (D:2)
  11 gnolls
  6 adders
  3 oozes
  3 worms (D:3)
  2 dart slugs (D:2)
  3 leopard geckos
  3 orcs (D:3)
  A giant cockroach (D:2)
  12 goblins
  7 hobgoblins
  2 jackals (D:1)
  6 bats
  7 frilled lizards
  2 gnoll zombies (D:3)
  9 kobolds
  8 rats
87 creatures vanquished.

Notes
Turn   | Place    | Note
-------+----------+-------------------------------------------
     0 | D:1      | mopl the Deep Elf Earth Elementalist began the quest for the Orb.
     0 | D:1      | Reached XP level 1. HP: 10/10 MP: 6/6
    79 | D:1      | Reached XP level 2. HP: 15/15 MP: 4/8
   216 | D:1      | Reached skill level 4 in Earth Magic
   378 | D:1      | Reached XP level 3. HP: 14/19 MP: 2/10
   424 | D:1      | Learned a level 3 spell: Stone Arrow
   488 | D:1      | Found a blossoming altar of Fedhas.
   708 | D:2      | Learned a level 2 spell: Passwall
   784 | D:2      | Reached skill level 1 in Conjurations
   848 | D:2      | Reached skill level 4 in Spellcasting
   848 | D:2      | Reached XP level 4. HP: 24/24 MP: 7/12
   854 | D:2      | Reached skill level 2 in Conjurations
   855 | D:2      | Reached skill level 5 in Earth Magic
  1141 | D:2      | Reached XP level 5. HP: 28/28 MP: 10/13
  1148 | D:2      | Learned a level 5 spell: Lee's Rapid Deconstruction
  1379 | D:2      | Found a glowing silver altar of Zin.
  1774 | D:3      | Found a transporter.
  1803 | D:3      | Found a transporter.
  1892 | D:3      | Reached skill level 3 in Conjurations
  2045 | D:3      | Found a faded altar of an unknown god.
  2054 | D:3      | Became a worshipper of Sif Muna the Loreminder
  2054 | D:3      | Reached * piety under Sif Muna
  2170 | D:3      | Found a basalt altar of Yredelemnul.
  2264 | D:4      | Reached XP level 6. HP: 32/32 MP: 9/15
  2445 | D:4      | Reached skill level 5 in Spellcasting
  2461 | D:4      | Slain by a bullfrog skeleton

Skill      XL: |  1  2  3  4  5  6 |
---------------+-------------------+-----
Earth Magic    | 4 5 |  5.8
Conjurations   | 1 2 3 |  3.6
Spellcasting   | 4 5 |  5.0
Dodging        | |  2.4
Stealth        | |  2.4
Transmutations | |  1.1

Action                   |  1- 3 |  4- 6 || total
-------------------------+-------+-------++-------
Melee: Dagger            |       |    78 ||    78
 Cast: Sandblast         |    53 |    54 ||   107
       Stone Arrow       |       |     9 ||     9
 Stab: Sleeping          |       |     2 ||     2
  Eat: Chunk             |       |     4 ||     4
Armor: Robe              |     4 |    33 ||    37
Dodge: Dodged            |    15 |    72 ||    87
